 Dungeon Sprint DCSS version 0.28-a0-1518-gbe868bca14 (webtiles) character file.

Game seed: 3327240570204672665

32 mhtbhm the Skirmisher (level 3, -5/55 HPs)
             Began as a Minotaur Fighter on Jan 16, 2022.
             Slain by a polar bear (11 damage)
             ... in the Dungeon (Sprint VII: "The Pits").
             The game lasted 00:00:11 (30 turns).

mhtbhm the Skirmisher (Minotaur Fighter)              Turns: 30, Time: 00:00:11

Health: -5/55      AC:  7    Str: 22    XL:     3   Next: 8%
Magic:  2/2        EV:  9    Int:  5    God:
Gold:   0          SH:  4    Dex:  9    Spells: 2/2 levels left

rFire   . . .      SeeInvis .   a - +0 war axe
rCold   . . .      Faith    .   c - +0 buckler
rNeg    . . .      Spirit   .   b - +0 scale mail
rPois   .          Reflect  .   (helmet restricted)
rElec   .          Harm     .   (no cloak)
rCorr   .          Rampage  .   (no gloves)
Will    .....      NoTele   +   (no boots)
Stlth   ..........              (no amulet)
HPRegen 0.18/turn               (no ring)
MPRegen 0.08/turn               (no ring)

@: mighty, berserking, very quick
A: horns 2, retaliatory headbutt
a: no special abilities


You were in the Dungeon.
You visited 1 branch

Inventory:

Hand Weapons
 a - a +0 war axe (weapon)
Armour
 b - a +0 scale mail (worn)
 c - a +0 buckler (worn)
Scrolls
 j - a scroll of blinking
Potions
 e - a potion of curing
 f - a potion of heal wounds
 g - a potion of haste
 h - 2 potions of magic


   Skills:
 + Level 5.6 Fighting
 + Level 3.0 Axes
 + Level 5.4 Armour
 + Level 0.1 Dodging
 + Level 5.3 Shields


You had 2 spell levels left.
You didn't know any spells.
Your spell library was empty.

Dungeon Overview and Level Annotations

Branches:
Dungeon (1/1)

Altars:


Innate Abilities, Weirdness & Mutations

You have a pair of horns on your head.
You reflexively headbutt those who attack you in melee.


Message History

Your Fighting skill gained 2 levels and is now at level 5!
Your Axes skill increases to level 3!
Your Armour skill gained 2 levels and is now at level 5!
Your Shields skill gained 2 levels and is now at level 5!
You have reached level 2!
You have reached level 3!
Your experience leads to an increase in your attributes!
Increase (S)trength, (I)ntelligence, or (D)exterity?
You feel stronger. x2
Unknown command.
You closely miss the polar bear. Your headbutt misses the polar bear.
The polar bear bites you! You block the polar bear's attack.
The polar bear barely misses you.
You barely miss the polar bear. You headbutt the polar bear!!
The polar bear is heavily wounded.
You hit the polar bear. The polar bear bites you.
The polar bear claws you but does no damage.
The polar bear barely misses you.
You barely miss the polar bear.
The polar bear is lightly wounded.
You slash the polar bear! The polar bear bites you!
The polar bear closely misses you. The polar bear barely misses you.
The polar bear goes berserk!
You barely miss the polar bear. You headbutt the polar bear!
The polar bear is heavily wounded.
You barely miss the polar bear. The polar bear bites you!
* * * LOW HITPOINT WARNING * * *
The polar bear barely misses you. You block the polar bear's attack.
The polar bear bites you.
* * * LOW HITPOINT WARNING * * *
The polar bear claws you but does no damage.
The polar bear closely misses you.
The polar bear bites you but does no damage.
The polar bear claws you.
* * * LOW HITPOINT WARNING * * *
The polar bear claws you but does no damage.
You closely miss the polar bear.
The polar bear is heavily wounded.
You slash the polar bear! The polar bear bites you!
You die...

##########++######
#................#
#......#..#......#
#................+
+................+
#......#..#......#
#..........@.....#
####'#####hh######
#.......##'l#
#.......##..##
#.......##...#
#...<...###...#
#.......# ##.....
#.......# ..###+#
#.......# .##


You could see 2 polar bears and a wyvern.

Vanquished Creatures
  A quasit (D)
1 creature vanquished.

Notes
Turn   | Place    | Note
-------+----------+-------------------------------------------
     0 | D        | mhtbhm the Minotaur Fighter began the quest for the Orb.
     0 | D        | Reached XP level 1. HP: 19/19 MP: 0/0
    16 | D        | Noticed a quasit
    16 | D        | Noticed a polar bear
    16 | D        | Noticed a harpy
    16 | D        | Noticed a harpy
    16 | D        | Noticed a polar bear
    21 | D        | Noticed a wyvern
    25 | D        | Killed a quasit
    26 | D        | Reached skill level 5 in Fighting
    26 | D        | Reached skill level 5 in Armour
    26 | D        | Reached skill level 5 in Shields
    26 | D        | Reached XP level 2. HP: 30/30 MP: 1/1
    26 | D        | Reached XP level 3. HP: 37/37 MP: 2/2
    30 | D        | Slain by a polar bear

Illustrated notes

Levels and vault maps discovered:
D:        pitsprint [storerooms_1, entrance_room_1, metal_vault_5, armoury_2,
          mini_pit_1, grid_room_1, main_hall_1, silver_pit, the_coven_2,
          the_vestibule_1, steel_vault_4, golden_pit, hallway_of_sentries,
          crystal_vault_1, iron_vault_5, final_vault]

Skill      XL: |  1 |
---------------+----+-----
Fighting       | 5 |  5.6
Axes           | 3 |  3.0
Armour         | 5 |  5.4
Shields        | 5 |  5.3
Dodging        | |  0.1

Action                   || total
-------------------------++-------
Melee: War axe           ||     8
       Headbutt          ||     2
  Use: Potion            ||     2
Armor: Scale mail        ||     8
Dodge: Dodged            ||    14
Block: Buckler           ||     5

Table legend: (Time is in decaauts)
 A = Elapsed time spent in this place.
 B = Non-inter-level travel time spent in this place.
 C = Inter-level travel time spent in this place.
 D = Time resting spent in this place.
 E = Time spent auto-exploring this place.
 F = Levels seen in this place.
 G = Mean time per level.
                   A        B        C        D        E       F      G
               +--------+--------+--------+--------+--------+-----+--------+
         Total |     29 |     29 |      0 |      0 |     16 |   1 |   29.0 |
       Dungeon |     29 |     29 |      0 |      0 |     16 |   1 |   29.0 |
               +--------+--------+--------+--------+--------+-----+--------+

Top non-repeatable levels by time:
       D: 29 daAuts
